 Dungeon Crawl Stone Soup version 0.20.0-10-g0535bb4 (webtiles) character file.

2051471 Zwobot the Gargoyle Catastrophe (level 27, 193/193 HPs)
             Began as a Gargoyle Monk on June 7, 2017.
             Was an Elder of Qazlal.
             Escaped with the Orb
             ... and 3 runes!
             The game lasted 03:38:24 (48266 turns).

Zwobot the Gargoyle Catastrophe (Gargoyle Monk)    Turns: 48266, Time: 03:38:25

Health: 193/193    AC: 63    Str: 29    XL:     27
Magic:  40/40      EV: 19    Int: 20    God:    Qazlal [****..]
Gold:   4242       SH:  5    Dex: 19    Spells: 21/38 levels left

rFire    + + +     SeeInvis .   a - +7 great mace "Firestarter" {inner flame, rF++}
rCold    + . .     Gourm    .   (shield currently unavailable)
rNeg     + + +     Faith    .   T - +9 plate armour {rF+}
rPois    ∞         Spirit   .   X - +1 hat
rElec    +         Reflect  .   Y - +2 cloak of Perfidy {rN+++ Str-2 Int+4 Slay+2}
rCorr    +         Harm     .   l - +4 pair of gloves of Xiemmile {rC- Str+6}
MR       +++..                  O - +2 pair of boots {Fly}
Stlth    ..........             H - amulet "Pugh" {rC+ Regen+ Int+5}
Regen    0.9/turn               J - ring of the Magpie {rCorr rC+ Int-3 Dex+5}
MPRegen  0.3/turn               U - ring "Caqiah" {MR+ Str+2}

@: flying, repel missiles
A: big wings, claws 1, iridescent scales 1, negative energy resistance 1,
electricity resistance, unbreathing, petrification resistance, rot immunity, AC
+20
0: Orb of Zot
}: 3/15 runes: barnacled, silver, gossamer
a: Stop Flying, Upheaval, Elemental Force, Renounce Religion


You escaped.
You worshipped Qazlal.
Qazlal was greatly pleased with you.
You were not hungry.

You visited 9 branches of the dungeon, and saw 47 of its levels.
You visited 1 ziggurat, and saw 8 of its levels.
You also visited: Ice Cave.

You collected 7411 gold pieces.
You spent 3169 gold pieces at shops.

Inventory:

Hand Weapons
 a - the +7 great mace "Firestarter" (weapon) {inner flame, rF++}
   (You found it on level 11 of the Dungeon)

   It has been specially enchanted to burn those struck by it, causing extra
   injury to most foes and up to half again as much damage against particularly
   susceptible opponents.
   It greatly protects you from fire.
 b - the +9 great mace of Bejov {crush, Str-3 Int+10 Dex-4}
   (You took it off a vault warden on level 5 of the Vaults)

   It inflicts extra damage upon your enemies.
   It affects your strength (-3).
   It affects your intelligence (+10).
   It affects your dexterity (-4).
 j - a +3 eveningstar of electrocution
 t - a +2 great mace of protection
 F - the +8 whip "Snakebite" {curare, rPois}
   (You found it on level 5 of the Lair of Beasts)

   It poisons the flesh of those it strikes.
   It protects you from poison.
 M - a +0 great mace of holy wrath
 N - the +3 rapier "Newtbane" {distort, rC+ SInv, unknown}
   (You took it off a yaktaur on level 2 of the Depths)

   It warps and distorts space around it.
   Unwielding it can cause banishment or high damage.
   It protects you from cold.
   It lets you see invisible.
Missiles
 h - 12 poisoned tomahawks (quivered)
Armour
 l - the +4 pair of gloves of Xiemmile (worn) {rC- Str+6}
   (You bought it in a shop on level 4 of the Vaults)

   It affects your strength (+6).
   It makes you vulnerable to cold.
 O - a +2 pair of boots of flying (worn)
 T - a +9 plate armour of fire resistance (worn)
 X - a +1 hat (worn)
 Y - the +2 cloak of Perfidy (worn) {rN+++ Str-2 Int+4 Slay+2}
   (You bought it in a shop on level 15 of the Dungeon)

   It affects your strength (-2).
   It affects your intelligence (+4).
   It affects your accuracy and damage with ranged weapons and melee attacks
   (+2).
   It renders you almost immune to negative energy.
Jewellery
 o - the amulet of the Four Winds {rN+ MR+++ Clar}
   (You found it on level 2 of the Shoals)

   [amulet of nothing]

   It protects you from negative energy.
   It affects your resistance to hostile enchantments.
   It protects you against confusion.
 v - an uncursed ring of see invisible
 H - the amulet "Pugh" (around neck) {rC+ Regen+ Int+5}
   (You found it on level 5 of the Vaults)

   [amulet of regeneration]

   It affects your intelligence (+5).
   It protects you from cold.
   It increases your rate of regeneration.
 J - the ring of the Magpie (left hand) {rCorr rC+ Int-3 Dex+5}
   (You found it on level 8 of the Dungeon)

   [ring of resist corrosion]

   It affects your intelligence (-3).
   It affects your dexterity (+5).
   It protects you from cold.
 S - the ring "Ugunteurph" {rF+ Int+6}
   (You found it on level 2 of the Depths)

   [ring of protection from fire]

   It affects your intelligence (+6).
   It protects you from fire.
 U - the ring "Caqiah" (right hand) {MR+ Str+2}
   (You took it off a tengu reaver on level 2 of the Depths)

   [ring of protection from magic]

   It affects your strength (+2).
   It affects your resistance to hostile enchantments.
Wands
 d - a wand of acid (11/15)
 n - a wand of clouds (5/9)
 q - a wand of clouds (1/9)
 A - a wand of iceblast (1/15)
 L - a wand of iceblast (2/15)
 V - a wand of digging (4/24)
Scrolls
 e - 2 scrolls of summoning
 g - 26 scrolls of teleportation
 k - 2 scrolls of blinking
 m - a scroll of magic mapping
 p - 20 scrolls of remove curse
 r - 3 scrolls of silence
 x - 7 scrolls of fear
 y - a scroll of enchant armour
 E - 5 scrolls of recharging
 G - 5 scrolls of fog
 I - 6 scrolls of identify
 K - 6 scrolls of immolation
 P - 2 scrolls of holy word
Potions
 s - 3 potions of berserk rage
 u - 2 potions of cancellation
 w - 2 potions of haste
 z - 6 potions of invisibility
 B - 6 potions of ambrosia
 C - 6 potions of heal wounds
 D - 4 potions of magic
 Q - a potion of resistance
 R - 3 potions of mutation
 Z - 12 potions of curing
Books
 f - the Almanac of Darkness
   (You found it on level 3 of the Depths)

   Spells                             Type                      Level
   a - Vampiric Draining              Necromancy                   3
   b - Animate Dead                   Necromancy                   4
   c - Excruciating Wounds            Charms/Necromancy            5
   d - Agony                          Necromancy                   5
   e - Dispel Undead                  Necromancy                   5
   f - Simulacrum                     Ice/Necromancy               6
Comestibles
 c - 31 bread rations
 i - 8 meat rations


   Skills:
 + Level 25.0 Fighting
 - Level 20.0 Maces & Flails
 - Level 5.0 Throwing
 - Level 16.0 Armour
 - Level 16.0 Dodging
 - Level 4.3 Stealth
 - Level 6.1 Spellcasting
 - Level 8.8 Charms
 - Level 8.4 Necromancy
 + Level 26.9 Invocations
 - Level 4.0 Evocations


You had 21 spell levels left.
You knew the following spells:

 Your Spells              Type           Power        Failure   Level  Hunger
a - Animate Skeleton      Necr           N/A          1%          1    None
b - Apportation           Tloc           #.....       50%         1    None
c - Controlled Blink      Tloc           N/A          100%        8    #######
d - Regeneration          Chrm/Necr      #####.....   4%          3    ##.....
e - Animate Dead          Necr           N/A          17%         4    ####...


Dungeon Overview and Level Annotations

Branches:
Dungeon (15/15)            Temple (1/1) D:6            Lair (6/6) D:8
 Shoals (4/4) Lair:2       Spider (4/4) Lair:4        Slime (0/5) Lair:5
    Orc (2/2) D:10            Elf (0/3) Orc:2        Vaults (5/5) D:13
  Crypt (0/3) Vaults:2     Depths (5/5) D:15            Zot (5/5) Depths:5

Altars:
Ashenzari
Cheibriados
Elyvilon
Fedhas
Gozag
Hepliaklqana
Kikubaaqudgha
Makhleb
Nemelex Xobeh
Okawaru
Qazlal
Ru
Sif Muna
Trog
Uskayaw
Vehumet
Xom
Zin
The Shining One
Beogh
Jiyva
Lugonu

Shops:
D:15 *[[!   Orc:2 [%((   Shoals:1 *   Shoals:2 (   Vaults:2 }   Vaults:4 [
Vaults:5 *   Depths:5 (

Portals:
Hell: Lair:6 Depths:1 Depths:2 Depths:3 Depths:4 Depths:5
Abyss: Depths:4
Pandemonium: Depths:3
Trove: D:12 (give 12 potions of heal wounds)

Annotations:
Lair:5 1 runed door
Depths:3 exclusion: door
Zot:4 1 exclusion


Innate Abilities, Weirdness & Mutations

You are resistant to torment.
Your stone body is resilient. (AC +20)
You are immune to poison.
Your large and strong wings let you fly indefinitely.
You resist negative energy. (rN+)
You are resistant to electric shocks. (rElec)
You can survive without breathing.
You are immune to petrification.
You are immune to rotting.
You have sharp fingernails.
You are partially covered in iridescent scales. (AC +2)


Message History

Qazlal accepts your kill.
The chaos spawn degenerates into a cloud of primal chaos!
There is a stone staircase leading up here.
You fly upwards.
There is a stone staircase leading down here.
There is a stone staircase leading down here.
You see here a ring mail.
There is a stone staircase leading up here.
You fly upwards.
There is a stone staircase leading down here.
There is a stone staircase leading up here.
You fly upwards.
There is a stone staircase leading down here.
A neqoxec comes into view.
There is a staircase leading out of the dungeon here.
A neqoxec is nearby!
Okay, then.
Unknown command.
Okay, then.
You have escaped!

## #.##.# #.# #..### .#
##.##.# #.# #.## .###
##..##.# #.###.# ...##
#..##..# #...#.###
##..###.###.## ###.#...#
##†..#.##..# #...#.#
##.[..##### #####.#
##.#.#.♣♣♣♣♣♣♣♣♣♣♣♣♣♣♣..#
###..#....3.....@.......).#
#...##...♣♣♣♣♣♣♣♣♣♣♣♣♣♣♣.##
#.#####.######## ### ..#
#........# ### ########## #


You could see a neqoxec.

Vanquished Creatures
  8 orbs of fire (Zot:5)
  Mara (Vaults:5)
  Mennas (Vaults:4)
  5 ancient liches
  Frederick (Depths:3)
  A curse toe (Zot:3)
  Saint Roka (Depths:4)
  Xtahua (Vaults:5)
  A caustic shrike (Depths:2)
  2 Killer Klowns (Zot:5)
  the Enchantress (Depths:4)
  8 golden dragons
  A profane servitor (D:14)
  3 electric golems
  29 Orb Guardians
  4 liches
  9 tentacled monstrosities
  5 titans
  7 quicksilver dragons
  2 acid blobs (Zig:5)
  7 death cobs
  Polyphemus (Shoals:3)
  Frances (Shoals:1)
  8 sphinxes
  The ghost of PeterLawrence the Warrior, an adept MiFi of Okawaru (Shoals:3)
  7 storm dragons
  11 shadow dragons
  11 tengu reavers
  Kirke (Lair:5)
  6 draconian monks
  10 frost giants
  9 fire giants
  An orc warlord (Zig:4)
  7 ghost moths
  2 deep elf sorcerers
  3 draconian knights
  14 vault wardens
  4 draconian scorchers
  7 draconian shifters
  4 draconian stormcallers
  A ghoul (Vaults:4)
  5 emperor scorpions
  18 ironheart preservers
  A juggernaut zombie (Depths:3)
  4 spriggan defenders
  10 very ugly things
  14 draconian annihilators
  A war gargoyle (Vaults:4)
  A juggernaut skeleton (Depths:3)
  37 stone giants
  Nessos (Lair:5)
  9 black draconians
  7 white draconians
  10 green draconians
  A deep elf annihilator (Vaults:5)
  9 vampire knights
  13 purple draconians
  8 yellow draconians
  Azrael (Spider:1)
  2 dire elephants
  10 spark wasps
  6 red draconians
  A death ooze (Zig:5)
  A green death (Depths:4)
  17 ettins
  3 deep elf death magi
  A merfolk javelineer (Shoals:3)
  A crystal guardian (Vaults:4)
  7 merfolk impalers
  2 blizzard demons (IceCv)
  The ghost of Kenran the Grappler, a journeyman TrAM of Okawaru (D:10)
  10 great orbs of eyes
  3 deep elf high priests
  19 fire dragons
  21 yaktaur captains
  9 rakshasas
  A monstrous demonspawn (Depths:3)
  25 ogre magi
  The ghost of tv1990 the Geomancer, a journeyman FoEE of Vehumet (Lair:1)
  Josephine (Spider:1)
  13 ice dragons
  11 hydras
  28 vault guards
  A hell beast (Depths:3)
  9 spriggan air magi
  3 merfolk avatars (Shoals:1)
  12 centaur warriors
  6 death yaks
  4 catoblepae
  9 deep troll shamans
  6 death knights
  2 merfolk aquamancers
  15 deep troll earth magi
  A satyr (Shoals:3)
  A dancing weapon (Vaults:5)
  6 tengu warriors
  12 spriggan berserkers
  55 two-headed ogres
  4 vampire magi (Depths:3)
  2 soul eaters (Depths:3)
  9 deep elf knights
  6 hell knights
  An iron troll (Depths:5)
  2 skeletal warriors (Depths:3)
  A golden dragon zombie (Depths:1)
  3 sixfirhies
  An unseen horror (shapeshifter) (Depths:2)
  3 unseen horrors
  4 shadow wraiths
  A deep troll (shapeshifter) (Depths:5)
  A spriggan druid (Zig:7)
  2 death drakes (shapeshifter)
  A glowing orange brain (shapeshifter) (Depths:2)
  8 deep elf archers
  6 sea snakes
  2 flayed ghosts
  A kraken simulacrum (Shoals:4)
  32 deep trolls
  Pikel (D:7)
  23 orb spiders
  3 glowing orange brains
  A golden dragon skeleton (Depths:3)
  8 wizards
  15 orc knights
  13 ironbrand convokers
  5 phantasmal warriors
  14 harpies
  14 necromancers
  A fire giant zombie (Depths:3)
  2 orc sorcerers
  17 deep elf magi
  21 wolf spiders
  A faun (shapeshifter) (Depths:3)
  3 oklob plants
  8 manticores
  8 fauns
  A shining eye (Zig:5)
  11 elephants (Lair:6)
  43 ugly things
  A cyclops (shapeshifter) (Depths:3)
  A shining eye (shapeshifter) (Zig:2)
  24 moths of wrath
  6 merfolk sirens
  An elephant (shapeshifter) (Depths:2)
  2 centaur zombies
  18 vault sentinels
  A guardian serpent (Depths:5)
  3 water nymphs
  4 cyclopes
  A fire giant skeleton (Depths:3)
  The ghost of Paps the Covered, a novice MiFi (D:5)
  A rust devil (Zot:4)
  A naga mage (D:15)
  9 black mambas
  3 ice statues
  A stone giant skeleton (Depths:1)
  2 gargoyles
  11 spiny frogs
  3 torpor snails
  A spiny frog (shapeshifter) (Vaults:2)
  A smoke demon (Zot:5)
  67 yaktaurs
  A spriggan zombie (Depths:1)
  A spark wasp simulacrum (Depths:1)
  3 kobold demonologists
  17 rime drakes
  A tormentor (Zot:4)
  8 komodo dragons
  2 tengu conjurers
  8 ice devils
  A yaktaur (shapeshifter) (Depths:4)
  2 anaconda simulacra (IceCv)
  12 freezing wraiths
  3 hellwings
  5 red devils
  26 jumping spiders
  15 demonic crawlers
  A golden dragon simulacrum (IceCv)
  A meliai (shapeshifter) (Depths:2)
  14 merfolk
  A troll (shapeshifter) (Depths:2)
  5 trolls
  3 meliai (D:13)
  Grinder (D:3)
  11 hippogriffs
  A raiju (shapeshifter) (Depths:2)
  6 wind drakes
  5 snapping turtles
  41 slime creatures
  26 hornets
  An ettin zombie (Depths:3)
  25 blink frogs
  7 dream sheep (Lair:5)
  43 redbacks
  3 shadows
  Sigmund (D:3)
  A redback (shapeshifter) (Vaults:3)
  A centaur simulacrum (D:14)
  A tarantella (shapeshifter) (Depths:2)
  11 wraiths
  A hog (shapeshifter) (Depths:3)
  6 spriggans
  9 wyverns
  9 water elementals
  23 tarantellas
  4 fire elementals
  4 fire bats (D:11)
  2 dire elephant simulacra (IceCv)
  A basilisk (shapeshifter) (Depths:1)
  9 basilisks
  37 yaks
  A steam dragon (D:14)
  13 vampire mosquitoes
  A neqoxec (D:4)
  A death yak simulacrum (IceCv)
  2 chaos spawn
  6 wargs
  6 hell hounds
  4 hydra simulacra (IceCv)
  17 water moccasins
  A floating eye (shapeshifter) (Depths:1)
  A soldier ant (D:11)
  2 acid dragons (Vaults:2)
  2 floating eyes (Depths:2)
  4 iron troll simulacra (IceCv)
  4 porcupines
  48 orc warriors
  A swamp drake (shapeshifter) (Vaults:5)
  5 phantoms
  5 ice beasts
  4 sky beasts
  A black bear (Lair:1)
  3 eyes of draining
  An eye of draining (shapeshifter) (Vaults:2)
  3 ettin simulacra
  46 ogres
  3 wolves (Lair:5)
  37 centaurs
  19 crocodiles
  The ghost of miragecloak the Changer, an amateur OpTm of Ashenzari (D:3)
  5 big kobolds
  15 bullfrogs
  A gnoll sergeant (D:9)
  A wyvern skeleton (D:12)
  5 scorpions
  2 elephant simulacra (IceCv)
  A howler monkey (D:8)
  3 wights (D:12)
  3 electric eels
  4 crimson imps
  A quasit (Depths:3)
  A bullfrog zombie (D:10)
  4 jellies
  9 orc priests
  7 hounds
  2 bullfrog skeletons
  12 centaur skeletons
  Ijyb (D:5)
  An iron imp (Depths:3)
  3 iguanas
  18 orc wizards
  2 spriggan simulacra (IceCv)
  5 troll simulacra (IceCv)
  8 worker ants
  A polar bear simulacrum (IceCv)
  A wolf simulacrum (IceCv)
  2 hound skeletons
  A howler monkey zombie (D:7)
  12 adders
  7 gnolls
  2 howler monkey skeletons
  A naga simulacrum (IceCv)
  6 ogre simulacra (IceCv)
  3 shadow imps
  8 white imps
  7 ufetubi
  2 oozes
  2 adder skeletons (D:8)
  A worm (D:3)
  2 dart slugs
  2 leopard geckos
  A leopard gecko (shapeshifter) (Vaults:3)
  79 orcs
  6 giant cockroaches
  4 hobgoblins
  4 jackals (D:1)
  2 quokkas (D:6)
  2 ball pythons
  8 bats
  9 frilled lizards
  7 goblins
  9 kobolds
  A leopard gecko zombie (D:5)
  7 rats
  A plant (Lair:3)
  A tentacle (Shoals:4)
2136 creatures vanquished.

Vanquished Creatures (collateral kills)
  A tengu reaver (Vaults:5)
  A tarantella (Spider:1)
2 creatures vanquished.

Vanquished Creatures (others)
  A draconian monk (Zot:2)
  An unseen horror (D:15)
  2 moths of wrath
  A wolf spider (Spider:1)
  2 yaktaurs (Depths:1)
  A wyvern (D:9)
  2 humans (Lair:5)
  A hell hound (Spider:1)
  A water moccasin (Zig:7)
  2 slaves (D:7)
  A bullfrog (Lair:5)
  An adder (D:9)
  2 white imps (IceCv)
  4 ufetubi (IceCv)
  15 fungi
  9 plants
  3 tentacles (Shoals:4)
  A withered plant (Shoals:2)
50 creatures vanquished.

Grand Total: 2188 creatures vanquished

Notes
Turn   | Place    | Note
-------+----------+-------------------------------------------
     0 | D:1      | Zwobot the Gargoyle Monk began the quest for the Orb.
     0 | D:1      | Reached XP level 1. HP: 14/14 MP: 1/1
   366 | D:1      | Reached XP level 2. HP: 17/19 MP: 2/2
   619 | D:2      | Reached skill level 1 in Armour
   638 | D:2      | Reached skill level 1 in Throwing
   638 | D:2      | Reached XP level 3. HP: 15/23 MP: 3/3
  1157 | D:1      | Reached XP level 4. HP: 21/28 MP: 4/4
  1763 | D:3      | Noticed miragecloak's ghost (amateur OpTm)
  1784 | D:3      | Killed miragecloak's ghost
  1784 | D:3      | Reached XP level 5. HP: 15/32 MP: 5/5
  2447 | D:3      | Noticed Grinder
  2467 | D:3      | Paralysed by Grinder for 2 turns
  2487 | D:3      | Killed Grinder
  2487 | D:3      | Reached XP level 6. HP: 15/37 MP: 6/6
  2691 | D:3      | Reached XP level 7. HP: 31/41 MP: 7/7
  2933 | D:3      | Noticed Sigmund
  2951 | D:3      | Killed Sigmund
  2951 | D:3      | Reached skill level 5 in Armour
  3090 | D:3      | Found a sparkling altar of Nemelex Xobeh.
  3879 | D:5      | Entered Level 5 of the Dungeon
  4012 | D:5      | Reached skill level 5 in Maces & Flails
  4012 | D:5      | Reached XP level 8. HP: 30/46 MP: 8/8
  4340 | D:5      | Reached skill level 1 in Evocations
  4454 | D:5      | Found a sacrificial altar of Ru.
  4541 | D:5      | Noticed Paps's ghost (novice MiFi)
  4579 | D:5      | Killed Paps's ghost
  4812 | D:5      | Noticed Ijyb
  4818 | D:5      | Killed Ijyb
  4883 | D:6      | Reached skill level 5 in Throwing
  5335 | D:6      | Found a staircase to the Ecumenical Temple.
  5355 | Temple   | Entered the Ecumenical Temple
  5426 | Temple   | Became a worshipper of Qazlal Stormbringer
  5426 | Temple   | Reached * piety under Qazlal
  5426 | Temple   | Reached ** piety under Qazlal
  5587 | D:6      | Reached XP level 9. HP: 47/52 MP: 12/12
  5922 | D:7      | Noticed Pikel
  5938 | D:7      | Killed Pikel
  5938 | D:7      | Reached skill level 5 in Fighting
  6457 | D:8      | Found a glowing golden altar of the Shining One.
  6834 | D:8      | Got a transparent iron ring
  6842 | D:8      | Found a staircase to the Lair.
  6843 | D:8      | Identified the ring of the Magpie {rCorr rC+ Int-3 Dex+5} (You found it on level 8 of the Dungeon)
  7295 | D:9      | Reached XP level 10. HP: 60/60 MP: 13/13
  7338 | D:9      | Found an ancient bone altar of Kikubaaqudgha.
  7456 | D:9      | Learned a level 1 spell: Animate Skeleton
  7458 | D:9      | Learned a level 1 spell: Apportation
  7558 | D:9      | Found a deep blue altar of Sif Muna.
  7558 | D:9      | Found a blossoming altar of Fedhas.
  7987 | D:10     | Entered Level 10 of the Dungeon
  8045 | D:10     | Noticed a two-headed ogre
  8054 | D:10     | Killed a two-headed ogre
  8080 | D:10     | Reached *** piety under Qazlal
  8089 | D:10     | Gained mutation: Your body sometimes deteriorates upon taking damage. [mutagenic meat]
  8090 | D:10     | Gained mutation: You are partially covered in slimy green scales. (AC +2) [mutagenic meat]
  8091 | D:10     | Gained mutation: You have a pair of small horns on your head. [mutagenic meat]
  8286 | D:10     | Noticed Kenran's ghost (journeyman TrAM)
  8316 | D:10     | Killed Kenran's ghost
  8316 | D:10     | Reached skill level 10 in Maces & Flails
  8582 | D:10     | Found a staircase to the Orcish Mines.
  8788 | Lair:1   | Entered Level 1 of the Lair of Beasts
  8792 | Lair:1   | Reached skill level 1 in Invocations
  8904 | Lair:1   | Noticed tv1990's ghost (journeyman FoEE)
  8919 | Lair:1   | Killed tv1990's ghost
  8919 | Lair:1   | Reached skill level 3 in Invocations
  8919 | Lair:1   | Reached XP level 11. HP: 51/68 MP: 14/14
  8961 | Lair:1   | Reached skill level 4 in Invocations
  9169 | Lair:1   | Reached skill level 5 in Invocations
  9311 | Lair:1   | Lost mutation: You are partially covered in slimy green scales. (AC +2) [potion of mutation]
  9311 | Lair:1   | Lost mutation: You have a pair of small horns on your head. [potion of mutation]
  9311 | Lair:1   | Lost mutation: Your body sometimes deteriorates upon taking damage. [potion of mutation]
  9311 | Lair:1   | Gained mutation: You have sharp fingernails. [potion of mutation]
  9311 | Lair:1   | Gained mutation: Your muscles are strong. (Str +2) [potion of mutation]
  9381 | Lair:1   | Reached skill level 10 in Armour
  9381 | Lair:1   | Reached skill level 6 in Invocations
  9562 | Lair:1   | Reached skill level 7 in Invocations
  9720 | Lair:1   | Identified a scroll of acquirement
 10045 | Lair:2   | Reached **** piety under Qazlal
 10054 | Lair:2   | Reached skill level 8 in Invocations
 10206 | Lair:2   | Found a staircase to the Shoals.
 10751 | Lair:3   | Noticed a five-headed hydra
 10757 | Lair:3   | Killed a five-headed hydra
 10757 | Lair:3   | Reached XP level 12. HP: 65/76 MP: 18/18
 10977 | Lair:3   | Noticed a five-headed hydra
 10997 | Lair:3   | Killed a five-headed hydra
 10997 | Lair:3   | Reached skill level 9 in Invocations
 11566 | Lair:4   | Reached skill level 10 in Fighting
 11594 | Lair:4   | Found a hole to the Spider Nest.
 11649 | Lair:4   | Reached skill level 10 in Invocations
 12316 | Lair:5   | Noticed Nessos
 12317 | Lair:5   | Noticed Kirke
 12348 | Lair:5   | Killed Kirke
 12348 | Lair:5   | Reached skill level 5 in Dodging
 12408 | Lair:5   | Killed Nessos
 12408 | Lair:5   | Reached XP level 13. HP: 69/84 MP: 20/20
 12713 | Lair:5   | Found a runed door.
 12716 | Lair:5   | Found a viscous altar of Jiyva.
 12716 | Lair:5   | Found a staircase to the Slime Pits.
 12718 | Lair:5   | Noticed an acid blob
 13290 | Lair:6   | Entered Level 6 of the Lair of Beasts
 13768 | Lair:6   | Reached ***** piety under Qazlal
 14074 | Lair:6   | Gained mutation: Your large and strong wings let you fly indefinitely. [Gargoyle growth]
 14074 | Lair:6   | Reached XP level 14. HP: 92/92 MP: 21/21
 14860 | Lair:6   | Found a burning altar of Makhleb.
 14907 | Lair:6   | Found a gateway to Hell.
 14919 | Lair:6   | Got a smoking morningstar
 14922 | Lair:6   | Identified the +0 morningstar of Veupt {antimagic, rC+ Int+5 SInv} (You found it on level 6 of the Lair of Beasts)
 15278 | Orc:1    | Entered Level 1 of the Orcish Mines
 15388 | Orc:2    | Entered Level 2 of the Orcish Mines
 15761 | Orc:2    | Found Sorekh's Antique Weapon Emporium.
 15761 | Orc:2    | Found Ixigoto's Food Boutique.
 15761 | Orc:2    | Found Suipaini's Antique Armour Shop.
 15763 | Orc:2    | Found Wugg's Antique Weapon Shoppe.
 15779 | Orc:2    | Bought a pair of runed boots for 277 gold pieces
 15944 | Orc:2    | Found a staircase to the Elven Halls.
 16038 | Orc:2    | Found a roughly hewn altar of Beogh.
 16251 | Orc:2    | Bought a runed plate armour for 962 gold pieces
 16251 | Orc:2    | Bought a shiny plate armour for 962 gold pieces
 16484 | Spider:1 | Entered Level 1 of the Spider Nest
 16484 | Spider:1 | Found a frozen archway.
 16484 | Spider:1 | Noticed Azrael
 16489 | Spider:1 | Noticed Josephine
 16489 | Spider:1 | Killed Azrael
 16665 | Spider:1 | Killed Josephine
 16699 | Spider:1 | Reached XP level 15. HP: 46/99 MP: 22/22
 16701 | IceCv    | Entered an ice cave
 16866 | IceCv    | Got a clouded graven amulet
 16868 | IceCv    | Identified the amulet of Etampem {Gourm rN++ MR- Str+6} (You found it in an ice cave)
 17198 | IceCv    | Reached skill level 15 in Maces & Flails
 18003 | Spider:1 | You are sucked into a shaft!
 18449 | Spider:1 | Noticed an emperor scorpion
 18449 | Spider:1 | Noticed an emperor scorpion
 18458 | Spider:1 | Killed an emperor scorpion
 18473 | Spider:1 | Killed an emperor scorpion
 18500 | Spider:1 | Noticed an emperor scorpion
 18511 | Spider:1 | Killed an emperor scorpion
 18851 | Spider:2 | Reached skill level 11 in Invocations
 19460 | Spider:3 | Reached XP level 16. HP: 104/105 MP: 24/24
 19937 | Spider:4 | Entered Level 4 of the Spider Nest
 19981 | Spider:4 | Reached skill level 12 in Invocations
 20526 | Spider:4 | Reached skill level 13 in Invocations
 20553 | Spider:4 | Got a gossamer rune of Zot
 21055 | D:11     | Found a hazy altar of Hepliaklqana.
 21897 | D:12     | Found a portal to a secret trove of treasure.
 22234 | D:13     | Reached XP level 17. HP: 108/112 MP: 27/27
 22428 | D:13     | Found a gate to the Vaults.
 22723 | D:13     | Reached ****** piety under Qazlal
 23327 | D:14     | Reached skill level 15 in Fighting
 23327 | D:14     | Reached skill level 10 in Dodging
 23375 | D:15     | Entered Level 15 of the Dungeon
 23480 | D:15     | Found Gasmeodo's Antique Armour Boutique.
 23494 | D:15     | Bought a pitted cloak for 218 gold pieces
 23535 | D:15     | Identified the +2 cloak of Perfidy {rN+++ Str-2 Int+4 Slay+2} (You bought it in a shop on level 15 of the Dungeon)
 23591 | D:15     | Found Yrithu's Magic Scroll Boutique.
 23790 | D:15     | Found Laps's Armour Shoppe.
 23825 | D:15     | Found Totuyworgh's General Store.
 23903 | D:15     | Found Igrowink's Distillery.
 23907 | D:15     | Bought a potion of heal wounds for 95 gold pieces
 23907 | D:15     | Bought a potion of heal wounds for 95 gold pieces
 23907 | D:15     | Bought a potion of resistance for 190 gold pieces
 23907 | D:15     | Bought a potion of might for 76 gold pieces
 24058 | D:15     | Found a staircase to the Depths.
 24594 | Shoals:1 | Entered Level 1 of the Shoals
 24594 | Shoals:1 | Found Lyse's General Store.
 24740 | Shoals:1 | Noticed Frances
 24753 | Shoals:1 | Killed Frances
 25829 | Shoals:2 | Found Axodunt's Antique Weapon Shoppe.
 25877 | Shoals:2 | Reached XP level 18. HP: 119/119 MP: 28/28
 26257 | Shoals:3 | Noticed PeterLawrence's ghost (adept MiFi)
 26264 | Shoals:3 | Noticed Polyphemus
 26279 | Shoals:3 | Killed Polyphemus
 26529 | Shoals:3 | Killed PeterLawrence's ghost
 27470 | Shoals:4 | Entered Level 4 of the Shoals
 27599 | Shoals:4 | Got a barnacled rune of Zot
 27913 | Vaults:1 | Entered Level 1 of the Vaults
 28215 | Vaults:1 | Learned a level 8 spell: Controlled Blink
 29287 | Vaults:2 | Reached XP level 19. HP: 116/125 MP: 29/29
 29588 | Vaults:2 | Found Nomneebb's Gadget Boutique.
 30091 | Vaults:2 | Found a staircase to the Crypt.
 30452 | Vaults:2 | Paralysed by a great orb of eyes for 5 turns
 30662 | Vaults:3 | Paralysed by a sphinx for 4 turns
 31187 | Vaults:3 | Reached skill level 15 in Armour
 31267 | Vaults:3 | Reached XP level 20. HP: 117/133 MP: 30/30
 32204 | Vaults:4 | Reached skill level 14 in Invocations
 32401 | Vaults:4 | Found Ohehi's Antique Armour Shoppe.
 32409 | Vaults:4 | Bought a pair of faintly humming gloves for 294 gold pieces
 32445 | Vaults:4 | Identified the +4 pair of gloves of Xiemmile {rC- Str+6} (You bought it in a shop on level 4 of the Vaults)
 32519 | Vaults:4 | Noticed Mennas
 32551 | Vaults:4 | Killed Mennas
 32945 | Vaults:4 | Reached skill level 15 in Invocations
 33317 | Vaults:5 | Entered Level 5 of the Vaults
 33320 | Vaults:5 | Reached XP level 21. HP: 128/140 MP: 24/32
 33320 | Vaults:5 | Reached skill level 16 in Invocations
 33336 | Vaults:5 | Noticed a golden dragon
 33352 | Vaults:4 | Killed a golden dragon
 33550 | Vaults:5 | Reached skill level 17 in Invocations
 34015 | Vaults:4 | Reached skill level 18 in Invocations
 34336 | Vaults:5 | Got a warped great mace {crush}
 34337 | Vaults:5 | Identified the +9 great mace of Bejov {crush, Str-3 Int+10 Dex-4} (You took it off a vault warden on level 5 of the Vaults)
 34382 | Vaults:5 | Noticed Xtahua
 34415 | Vaults:5 | Killed Xtahua
 34453 | Vaults:5 | Reached skill level 19 in Invocations
 34453 | Vaults:5 | Reached XP level 22. HP: 137/146 MP: 35/35
 34506 | Vaults:5 | Identified the amulet "Pugh" {rC+ Regen+ Int+5} (You found it on level 5 of the Vaults)
 34559 | Vaults:5 | Identified Xijiehej's Grimoire of Ignition and Darkness
 34703 | Vaults:5 | Identified the ring of Moral Flaws {rF+ Int+3 Stlth-} (You took it off a frost giant on level 5 of the Vaults)
 34817 | Vaults:5 | Reached skill level 20 in Invocations
 34834 | Vaults:5 | Noticed Mara
 34834 | Vaults:5 | Noticed Mara
 34834 | Vaults:5 | Noticed Mara
 34835 | Vaults:5 | Noticed Zwobot's illusion
 34873 | Vaults:5 | Noticed a golden dragon
 34890 | Vaults:5 | Killed a golden dragon
 35163 | Vaults:5 | Identified the amulet of the Red Skies {+Rage Dex+4} (You found it on level 5 of the Vaults)
 35238 | Vaults:5 | Noticed Zwobot's illusion
 35290 | Vaults:5 | Killed Mara
 35742 | Vaults:5 | Found Xiacioky's General Store.
 35753 | Vaults:5 | Got a silver rune of Zot
 36549 | Vaults:5 | Learned a level 3 spell: Regeneration
 36554 | Vaults:5 | Learned a level 4 spell: Animate Dead
 36845 | Depths:1 | Entered Level 1 of the Depths
 36875 | Depths:1 | Reached skill level 21 in Invocations
 37316 | Depths:1 | Reached XP level 23. HP: 142/152 MP: 37/37
 37573 | Depths:1 | Found a gateway to a ziggurat.
 37592 | Zig:1    | Entered Level 1 of a ziggurat
 37609 | Zig:1    | Identified the Handbook of Earthen Creation
 37624 | Zig:2    | Entered Level 2 of a ziggurat
 37626 | Zig:2    | Noticed a golden dragon
 37638 | Zig:2    | Killed a golden dragon
 37646 | Zig:2    | Identified Xufu's Guide on Blistering Self-Improvement
 37651 | Zig:3    | Entered Level 3 of a ziggurat
 37695 | Zig:4    | Entered Level 4 of a ziggurat
 37743 | Zig:5    | Entered Level 5 of a ziggurat
 37823 | Zig:6    | Entered Level 6 of a ziggurat
 37854 | Zig:6    | Reached skill level 15 in Dodging
 37900 | Zig:6    | Identified the amulet of the Zebra {+Rage rF+} (You found it on level 6 of a ziggurat)
 37948 | Zig:7    | Entered Level 7 of a ziggurat
 38026 | Zig:8    | Entered Level 8 of a ziggurat
 38026 | Zig:8    | Noticed Terandir's ghost (legendary MiFi)
 38589 | Depths:2 | Found a runed door.
 38592 | Depths:2 | Found a runed door.
 38594 | Depths:2 | Found a runed door.
 38627 | Depths:2 | Found a runed door.
 38731 | Depths:2 | Reached skill level 22 in Invocations
 38763 | Depths:2 | Reached XP level 24. HP: 154/161 MP: 38/38
 38823 | Depths:2 | Noticed a caustic shrike
 38840 | Depths:2 | Killed a caustic shrike
 38957 | Depths:2 | Got an uncursed polished rapier {distort}
 39758 | Depths:2 | Reached skill level 23 in Invocations
 40276 | Depths:2 | Got a translucent bone ring
 40277 | Depths:2 | Identified the ring of Lyagres {*Tele Str+5 Dex+5 Stlth-} (You found it on level 2 of the Depths)
 40288 | Depths:2 | Identified the Incunabulum of Venomous Evil Magic
 40543 | Depths:2 | Identified the Handbook of Transmigration
 40692 | Depths:2 | Identified Sif Muna's Grimoire of Clay and Bewitchment
 40706 | Depths:2 | Got a pitted wooden ring
 40707 | Depths:2 | Identified the ring "Ugunteurph" {rF+ Int+6} (You found it on level 2 of the Depths)
 40822 | Depths:2 | Got a heavily runed turquoise ring
 40823 | Depths:2 | Identified the ring "Caqiah" {MR+ Str+2} (You took it off a tengu reaver on level 2 of the Depths)
 40904 | Depths:3 | Reached skill level 1 in Charms
 40904 | Depths:3 | Reached skill level 1 in Necromancy
 40906 | Depths:3 | Noticed an ancient lich
 40947 | Depths:3 | Killed an ancient lich
 40947 | Depths:3 | Reached skill level 1 in Spellcasting
 40955 | Depths:3 | Reached XP level 25. HP: 157/170 MP: 38/38
 41063 | Depths:3 | Identified the Almanac of Darkness
 41422 | Depths:3 | Found a one-way gate leading to the halls of Pandemonium.
 42211 | Depths:4 | Noticed Saint Roka
 42214 | Depths:4 | Noticed the Enchantress
 42215 | Depths:4 | Killed the Enchantress
 42215 | Depths:4 | Reached skill level 5 in Necromancy
 42215 | Depths:4 | Reached skill level 5 in Charms
 42216 | Depths:4 | Noticed Frederick
 42221 | Depths:4 | Killed Saint Roka
 42338 | Depths:3 | Killed Frederick
 42708 | Depths:4 | Identified the +5 faerie dragon scales {+Fly rCorr MP+9 Int-4} (You took it off the Enchantress on level 4 of the Depths)
 42762 | Depths:4 | Found a corrupted altar of Lugonu.
 42829 | Depths:4 | Found a shattered altar of Ashenzari.
 42838 | Depths:4 | Reached skill level 5 in Spellcasting
 43233 | Depths:4 | Found a one-way gate to the infinite horrors of the Abyss.
 43396 | Depths:5 | Entered Level 5 of the Depths
 43446 | Depths:5 | Reached XP level 26. HP: 132/177 MP: 37/38
 43603 | Depths:5 | Found Fefupam's Antique Weapon Shop.
 43926 | Depths:5 | Found a gate to the Realm of Zot.
 44200 | Zot:1    | Entered Level 1 of the Realm of Zot
 45567 | Zot:2    | Reached skill level 24 in Invocations
 46021 | Zot:3    | Reached XP level 27. HP: 97/186 MP: 0/39
 46319 | Zot:5    | Entered Level 5 of the Realm of Zot
 46370 | Zot:5    | Reached skill level 25 in Invocations
 46403 | Zot:5    | Noticed an ancient lich
 46428 | Zot:5    | Killed an ancient lich
 46440 | Zot:5    | Noticed an ancient lich
 46461 | Zot:5    | Killed an ancient lich
 46604 | Zot:5    | Identified the amulet "Renit" {Faith *Contam rPois Dex+4} (You found it on level 5 of the Realm of Zot)
 46779 | Zot:5    | Noticed an orb of fire
 46794 | Zot:5    | Gained mutation: You are clumsy. (Dex -2) [an orb of fire]
 46809 | Zot:5    | Killed an orb of fire
 46892 | Zot:5    | Noticed an orb of fire
 46897 | Zot:5    | Gained mutation: Your magical capacity is low. (-10% MP) [an orb of fire]
 46904 | Zot:5    | Killed an orb of fire
 46912 | Zot:5    | Noticed an orb of fire
 46922 | Zot:5    | Killed an orb of fire
 46925 | Zot:5    | Noticed an orb of fire
 46930 | Zot:5    | Gained mutation: Your spells are a little easier to cast, but a little less powerful. [an orb of fire]
 46931 | Zot:5    | Noticed an orb of fire
 46939 | Zot:5    | Gained mutation: Scrolls take you a little longer to read. [an orb of fire]
 46944 | Zot:5    | Killed an orb of fire
 46955 | Zot:5    | Killed an orb of fire
 46980 | Zot:5    | Reached skill level 26 in Invocations
 47008 | Zot:5    | Noticed an orb of fire
 47021 | Zot:5    | Lost mutation: Your muscles are strong. (Str +2) [an orb of fire]
 47032 | Zot:5    | Gained mutation: Scrolls take you longer to read. [an orb of fire]
 47042 | Zot:5    | Killed an orb of fire
 47071 | Zot:5    | Noticed an ancient lich
 47075 | Zot:5    | Noticed an orb of fire
 47080 | Zot:5    | Killed an ancient lich
 47104 | Zot:5    | Killed an orb of fire
 47273 | Zot:5    | Noticed an orb of fire
 47287 | Zot:5    | Gained mutation: You are weak. (Str -2) [an orb of fire]
 47305 | Zot:5    | Killed an orb of fire
 47433 | Zot:5    | Noticed an ancient lich
 47445 | Zot:5    | Killed an ancient lich
 47467 | Zot:5    | Lost mutation: You have sharp fingernails. [potion of mutation]
 47467 | Zot:5    | Lost mutation: You are clumsy. (Dex -2) [potion of mutation]
 47467 | Zot:5    | Lost mutation: Your spells are a little easier to cast, but a little less powerful. [potion of mutation]
 47467 | Zot:5    | Lost mutation: You are weak. (Str -2) [potion of mutation]
 47467 | Zot:5    | Lost mutation: Your magical capacity is low. (-10% MP) [potion of mutation]
 47467 | Zot:5    | Lost mutation: Scrolls take you longer to read. [potion of mutation]
 47467 | Zot:5    | Gained mutation: You have a pair of small antennae on your head. [potion of mutation]
 47467 | Zot:5    | Gained mutation: Armour fits poorly on your strangely shaped body. [potion of mutation]
 47467 | Zot:5    | Gained mutation: Your flesh is cold resistant. (rC+) [potion of mutation]
 47468 | Zot:5    | Lost mutation: Scrolls take you a little longer to read. [potion of mutation]
 47468 | Zot:5    | Lost mutation: You have a pair of small antennae on your head. [potion of mutation]
 47468 | Zot:5    | Lost mutation: Your flesh is cold resistant. (rC+) [potion of mutation]
 47468 | Zot:5    | Lost mutation: Armour fits poorly on your strangely shaped body. [potion of mutation]
 47468 | Zot:5    | Gained mutation: You have sharp fingernails. [potion of mutation]
 47468 | Zot:5    | Gained mutation: You are partially covered in iridescent scales. (AC +2) [potion of mutation]
 47525 | Zot:5    | Got the Orb of Zot
 47587 | Zot:5    | Noticed Bugorewn the pandemonium lord
 48266 | D:$      | Escaped with the Orb!

Skill      XL: |  1  2  3  4  5  6  7  8  9 10 11 12 13 14 15 16 17 18 19 20 21 22 23 24 25 26 27 |
---------------+----------------------------------------------------------------------------------+-----
Armour         | 1 2 3 4 5 6 7 9 10 11 13 14 15 16 | 16.0
Throwing       | 1 2 3 4 5 |  5.0
Maces & Flails | 4 5 6 8 10 11 13 14 16 17 18 19 20 | 20.0
Evocations     | 4 |  4.0
Fighting       | 4 6 7 9 10 12 13 14 15 16 17 18 19 20 21 22 25 | 25.0
Invocations    | 3 8 10 11 13 15 19 21 22 23 24 26 | 26.9
Dodging        | 3 5 7 8 9 10 11 12 14 16 | 16.0
Stealth        | 4 |  4.3
Charms         | 2 7 8 |  8.8
Necromancy     | 2 7 8 |  8.4
Spellcasting   | 1 5 6 |  6.1

Action                   |  1- 3 |  4- 6 |  7- 9 | 10-12 | 13-15 | 16-18 | 19-21 | 22-24 | 25-27 || total
-------------------------+-------+-------+-------+-------+-------+-------+-------+-------+-------++-------
Melee: Mace              |   121 |   120 |       |       |       |       |       |       |       ||   241
       Flail             |       |    74 |   350 |       |       |       |       |       |       ||   424
       Whip              |       |       |    92 |   460 |    60 |   182 |       |       |       ||   794
       Headbutt          |       |       |       |    42 |       |       |       |       |       ||    42
       Dire flail        |       |       |       |    86 |    19 |       |       |       |       ||   105
       Unarmed           |       |       |       |     4 |       |       |       |       |       ||     4
       Eveningstar       |       |       |       |       |  1133 |   165 |       |       |       ||  1298
       Great mace        |       |       |       |       |       |   731 |   807 |  1053 |  1165 ||  3756
Throw: Tomahawk          |       |     6 |    53 |    16 |     2 |     4 |     2 |     2 |     1 ||    86
 Cast: Regeneration      |       |       |       |       |       |       |       |       |    30 ||    30
Invok: Upheaval          |       |       |       |    10 |    16 |    11 |     7 |     9 |    15 ||    68
       Disaster Area     |       |       |       |       |     2 |     4 |     4 |     7 |    10 ||    27
       Elemental Force   |       |       |       |       |     1 |       |     1 |       |       ||     2
 Abil: Fly               |       |       |       |       |     1 |       |       |       |     3 ||     4
       Stop Flying       |       |       |       |       |       |       |     1 |     1 |     2 ||     4
Evoke: Wand              |       |     1 |     3 |    31 |    15 |     1 |     2 |     1 |     6 ||    60
  Use: Potion            |       |     4 |     1 |     3 |     4 |     2 |     6 |     1 |    18 ||    39
       Scroll            |       |     3 |    14 |    11 |     9 |    11 |     9 |    21 |    10 ||    88
 Stab: Sleeping          |     2 |       |       |       |       |       |       |       |       ||     2
       Paralysed         |       |       |    12 |    12 |       |       |       |       |       ||    24
       Confused          |       |       |       |     4 |     1 |       |       |       |       ||     5
  Eat: Chunk             |     1 |     3 |    11 |    11 |    10 |     8 |     4 |     5 |       ||    53
       Royal jelly       |       |     1 |     2 |     6 |     2 |     7 |     1 |     6 |     5 ||    30
       Fruit             |       |       |       |       |     8 |     2 |       |       |       ||    10
       Bread ration      |       |       |       |       |       |     1 |       |       |       ||     1
       Meat ration       |       |       |       |       |       |     1 |     2 |     1 |     4 ||     8
Armor: Robe              |     9 |       |       |       |       |       |       |       |       ||     9
       Scale mail        |    65 |   130 |   249 |   191 |   350 |       |       |       |       ||   985
       Plate armour      |       |       |       |       |   753 |   763 |   436 |   662 |   709 ||  3323
Dodge: Dodged            |    77 |   120 |   198 |   226 |   933 |   530 |   324 |   531 |   619 ||  3558
       Deflected         |       |       |       |     1 |    38 |    49 |    38 |    37 |    49 ||   212
Block: Other             |       |       |    10 |    66 |   407 |   316 |   223 |   272 |   255 ||  1549
